 Dungeon Crawl Stone Soup version 0.16-a0-1301-gf74d490 (console) character file.

422 Orcus the Cudgeler (level 6, -3/59 HPs)
             Began as an Ogre Fire Elementalist on Oct 15, 2014.
             Slain by a killer bee (4 damage)
             ... on level 5 of the Dungeon.
             The game lasted 00:14:42 (2474 turns).

Orcus the Cudgeler (Ogre Fire Elementalist)         Turns: 2474, Time: 00:14:42

Health: -3/59      AC:  3    Str: 15    XL:     6   Next: 95%
Magic:  1/13       EV: 14    Int: 15    God:
Gold:   323        SH:  0    Dex: 10    Spells: 3 memorised, 3 levels left

rFire  . . .     SeeInvis .     e - +0 club
rCold  . . .     Clarity  .     v - +0 robe
rNeg   . . .     SustAb   .     (shield restricted)
rPois  +         Gourm    .     (helmet restricted)
rElec  .         Spirit   .     (no cloak)
rCorr  .         Warding  .     (gloves unavailable)
rMut   +         Stasis   .     (boots unavailable)
MR     .....                    j - amulet of resist mutation
Stlth  +.........               s - ring of poison resistance
                                i - +4 ring of evasion

@: confused, very slightly contaminated, not resistant to hostile enchantments,
very unstealthy
A: unfitting armour, tough skin 1
a: no special abilities


You were on level 5 of the Dungeon.
You were hungry.

You visited 1 branch of the dungeon, and saw 5 of its levels.

You collected 323 gold pieces.

Inventory:

Hand weapons
 a - a +2 halberd of flaming
 e - a +0 club (weapon)
Missiles
 l - 3 javelins (quivered)
 D - 11 poisoned needles
Armour
 v - a +0 robe (worn)
Jewellery
 i - a +4 ring of evasion (left hand)
 j - an amulet of resist mutation (around neck)
 s - a ring of poison resistance (right hand)
 y - an uncursed ring of teleport control
 C - an uncursed amulet of faith
Magical devices
 A - a wand of polymorph (2)
 G - a wand of teleportation (5)
Scrolls
 f - a scroll of fear {unknown}
 g - 6 scrolls of identify {unknown}
 m - 3 scrolls of magic mapping {unknown}
 o - a scroll of immolation {unknown}
 p - a scroll of teleportation {unknown}
 r - 2 scrolls of remove curse {unknown}
 z - a scroll of random uselessness {unknown}
 B - a scroll of amnesia {unknown}
Potions
 d - a potion of confusion
 h - a potion of cure mutation {unknown}
 k - a potion of lignification {unknown}
 q - a potion of degeneration {unknown}
 E - a potion of poison
Books
 b - a book of Flames

   Spells                             Type                      Level
   *Flame Tongue                      Conjuration/Fire             1
   Throw Flame                        Conjuration/Fire             2
   *Conjure Flame                     Conjuration/Fire             3
   Inner Flame                        Hexes/Fire                   3
   *Sticky Flame                      Conjuration/Fire             4
   Fireball                           Conjuration/Fire             5
 u - a book of Party Tricks

   Spells                             Type                      Level
   Summon Butterflies                 Summoning                    1
   Apportation                        Translocation                1
   Blink                              Translocation                2
   Tukima's Dance                     Hexes                        3
   Alistair's Intoxication            Transmutation/Poison         4
Comestibles
 c - a meat ration
 n - 7 fruits
 t - a beef jerky
 w - a royal jelly
 x - 2 bread rations
 H - a chunk of giant mite flesh
 I - a chunk of giant gecko flesh


   Skills:
 + Level 2.4 Fighting
 * Level 4.1 Maces & Flails
 + Level 2.8 Dodging
 - Level 2.0 Stealth
 + Level 3.4 Spellcasting
 * Level 2.2 Conjurations
 * Level 3.1 Fire Magic


You had 3 spell levels left.
You knew the following spells:

 Your Spells              Type           Power        Failure   Level  Hunger
a - Flame Tongue          Conj/Fire      ##...        8%          1    None
b - Conjure Flame         Conj/Fire      ##......     21%         3    ###....
c - Sticky Flame          Conj/Fire      ##......     67%         4    ####...


Dungeon Overview and Level Annotations

Branches:
Dungeon (5/15)
 Temple: D:4-7

Altars:
Fedhas
Qazlal
Beogh


Innate Abilities, Weirdness & Mutations

You are too large for most types of armour.
You have tough skin (AC +1).


Message History

Casting: Flame Tongue
Confirm with . or Enter, or press ? or * to list all spells.
Aiming: Flame Tongue
Press: ? - help, Shift-Dir - straight line, f/p - killer bee
Aim: a killer bee The flame tongue hits the killer bee.
The killer bee is lightly wounded.
The killer bee stings you!
* * * LOW HITPOINT WARNING * * *
The killer bee barely misses you.
Drink which item? (? for menu, Esc to quit)
You are confused.
It was a potion of confusion.
The killer bee barely misses you. The killer bee stings you!
* * * LOW HITPOINT WARNING * * *
Drink which item? (? for menu, Esc to quit)
You feel slightly nauseous.
It was a potion of poison.
You are feeling hungry.
The killer bee stings you.
You die...

#.#.....#.# . #.
.....#.. ...
#.##....#.# .... #...
...#.#
......##.###..#.######
.Z...y%..............#
########...#....###.#
#y#.#........#
#@#.#.#....###
#.#.#.###%## #.#.#<#
#.# #.#.### #.# ..#.#
#.# ..... #.# ....#
#.# .... #.# #.# #.#


You could see a killer bee.

Vanquished Creatures
  A killer bee (D:5)
  A scorpion (D:4)
  2 orc priests
  An iguana (D:4)
  An orc wizard (D:4)
  A gnoll (D:1)
  Natasha (D:4)
  3 adders
  A green rat (D:5)
  2 giant mites
  4 worms
  5 giant geckos
  8 orcs
  A bat skeleton (D:5)
  11 goblins
  10 hobgoblins
  4 jackals (D:2)
  3 quokkas
  4 bats
  3 giant cockroaches (D:2)
  4 giant newts
  8 kobolds
  20 rats
99 creatures vanquished.

Vanquished Creatures (others)
  Natasha (D:4)
  A rat (D:4)
2 creatures vanquished.

Grand Total: 101 creatures vanquished

Notes
Turn   | Place    | Note
--------------------------------------------------------------
     0 | D:1      | Orcus, the Ogre Fire Elementalist, began the quest for the Orb.
     0 | D:1      | Reached XP level 1. HP: 16/16 MP: 3/3
   220 | D:1      | Reached XP level 2. HP: 24/24 MP: 1/5
   526 | D:1      | Reached XP level 3. HP: 28/31 MP: 3/6
   624 | D:1      | Reached skill level 1 in Maces & Flails
   756 | D:2      | Reached skill level 1 in Conjurations
   819 | D:2      | Found a blossoming altar of Fedhas.
   844 | D:2      | Reached XP level 4. HP: 25/40 MP: 0/8
   920 | D:2      | Reached skill level 1 in Fighting
   993 | D:2      | Learned a level 3 spell: Conjure Flame
   998 | D:2      | Learned a level 4 spell: Sticky Flame
  1065 | D:2      | Found a blossoming altar of Fedhas.
  1097 | D:2      | Reached skill level 3 in Spellcasting
  1256 | D:3      | Found a stormy altar of Qazlal.
  1511 | D:3      | Reached XP level 5. HP: 48/48 MP: 8/11
  2030 | D:4      | Noticed Natasha
  2042 | D:4      | Killed Natasha
  2042 | D:4      | Reached XP level 6. HP: 25/57 MP: 3/13
  2180 | D:4      | Found a roughly hewn altar of Beogh.
  2352 | D:4      | Noticed Natasha
  2367 | D:4      | Killed Natasha
  2410 | D:5      | Entered Level 5 of the Dungeon
  2451 | D:5      | Reached skill level 4 in Maces & Flails
  2473 | D:5      | HP: 1/59 [killer bee (7)]
  2474 | D:5      | Slain by a killer bee

Action                   |  1- 3 |  4- 6 || total
-------------------------+-------+-------++-------
Melee: Unarmed           |    13 |       ||    13
       Club              |    52 |    61 ||   113
       Halberd           |       |    16 ||    16
Throw: Javelin           |     4 |     8 ||    12
       Throwing net      |       |     1 ||     1
 Cast: Flame Tongue      |    40 |   131 ||   171
       Conjure Flame     |       |     1 ||     1
Evoke: Wand              |       |     4 ||     4
  Use: Potion            |       |     2 ||     2
 Stab: Sleeping          |     2 |       ||     2
  Eat: Chunk             |       |     6 ||     6
